 Dungeon Crawl Stone Soup version 0.24-a0-309-g1095bca (webtiles) character file.

Game seed: 11712278837710441732

2933 MisterFreud the Grappler (level 9, -11/114 HPs)
             Began as a Troll Hunter on May 14, 2019.
             Was a Priest of Ru.
             Mangled by an orc knight
             ... wielding a +0 broad axe
              (23 damage)
             ... in a bailey.
             The game lasted 00:14:41 (7349 turns).

MisterFreud the Grappler (Troll Hunter)             Turns: 7349, Time: 00:14:42

Health: -11/114    AC:  6    Str: 30    XL:     9   Next: 51%
Magic:  8/8        EV: 13    Int:  7    God:    Ru [***...]
Gold:   422        SH:  0    Dex: 10    Spells: 8/8 levels left

rFire    . . .     SeeInvis .     - Unarmed
rCold    . . .     Gourm    +   (shield unavailable)
rNeg     . . .     Faith    .   b - +0 robe
rPois    .         Spirit   .   (helmet restricted)
rElec    .         Reflect  .   (no cloak)
rCorr    .         Harm     .   (gloves unavailable)
MR       +....                  (boots unavailable)
Stlth    ..........             p - amulet of rage
HPRegen  0.69/turn              (ring unavailable)
MPRegen  0.11/turn              A - ring of protection from magic

@: berserking, very quick
A: large, unfitting armour, claws 3, fast metabolism 3, gourmand, regeneration
1, shaggy fur 1, tough skin 3, missing a hand
a: Draw Out Power, Renounce Religion, Evoke Berserk Rage


You were in a bailey.
You worshipped Ru.
Ru was most pleased with you.
You were not hungry.

You visited 2 branches of the dungeon, and saw 9 of its levels.
You also visited: Sewer and Bailey.

You collected 422 gold pieces.

Inventory:

Hand Weapons
 v - a +2 mace of crushing
 w - a +4 trident
Missiles
 c - 5 large rocks (quivered)
 d - 2 throwing nets
 g - 178 stones
 l - 14 poisoned darts
 x - 26 boomerangs
Armour
 b - a +0 robe (worn)
Jewellery
 p - an amulet of rage (around neck)
 A - a ring of protection from magic (right claw)
 D - the ring "Acuupn" {Ice Int+4}
   (You found it on level 8 of the Dungeon)

   [ring of ice]

   It enhances your ice magic.
   It affects your intelligence (+4).
   It makes you vulnerable to fire.
   It protects you from cold.
Wands
 z - a wand of flame (24)
Scrolls
 e - 6 scrolls of teleportation
 h - 2 scrolls of remove curse
 n - 4 scrolls of identify
 q - 3 scrolls of enchant weapon
 s - 2 scrolls of amnesia
 u - 3 scrolls of fear
 y - a scroll of enchant armour
 C - a scroll of magic mapping
Potions
 a - a potion of agility
 i - 4 potions of flight
 j - 2 potions of brilliance
 k - 2 potions of heal wounds
 m - a potion of haste
 o - a potion of magic
 r - 7 potions of curing
 t - a potion of cancellation
 B - a potion of berserk rage
Comestibles
 f - 22 rations


   Skills:
 - Level 1.5 Fighting
 - Level 6.0 Throwing
 + Level 7.8 Dodging
 - Level 0.3 Stealth
 - Level 8.0 Unarmed Combat


You had 8 spell levels left.
You didn't know any spells.
Your spell library was empty.

Dungeon Overview and Level Annotations

Branches:
Dungeon (8/15)             Temple (1/1) D:6
   Lair: D:8-11

Altars:
Ashenzari
Dithmenos
Fedhas
Gozag
Hepliaklqana
Kikubaaqudgha
Makhleb
Nemelex Xobeh
Qazlal
Ru
Sif Muna
Uskayaw
Xom
Yredelemnul
Zin
The Shining One


Innate Abilities, Weirdness & Mutations

You are too large for most types of armour.
You have claws for hands.
Your metabolism is lightning-fast.
You like to eat raw meat.
Your natural rate of healing is unusually fast.
You are covered in fur. (AC +1)
You have extremely tough skin. (AC +3)
You are missing a hand.


Message History

* * * LOW HITPOINT WARNING * * *
The kobold hits you.
* * * LOW HITPOINT WARNING * * *
The kobold barely misses you.
You scratch the orc knight.
The orc knight is moderately wounded.
You scratch the orc knight but do no damage.
The orc knight is moderately wounded.
The kobold closely misses you.
The orc knight hits you with a +0 broad axe!
* * * LOW HITPOINT WARNING * * *
The kobold hits you.
* * * LOW HITPOINT WARNING * * *
You scratch the orc knight.
The orc knight is moderately wounded.
You scratch the orc knight.
The orc knight is heavily wounded.
The kobold completely misses you. The kobold hits you but does no damage.
The orc knight hits you with a +0 broad axe!!
You die...

#############.
####.............
##.......gg..#
##.......Ko#)##
#.....⌠..K@#oK#
#.......###K.# ###.....#
..### ≈≈#......###...^
≈≈≈≈≈≈.....#..####'#### .#K
≈≈≈≈≈≈≈≈≈≈)####.......# ##≈
##....≈≈≈≈≈≈≈∩#go.....#K≈≈≈
##......≈≈≈≈≈#########≈≈≈≈
##.......≈≈≈≈≈≈≈≈≈≈≈≈≈≈#


You could see an orc knight, a gnoll, a hobgoblin and 2 kobolds.

Vanquished Creatures
  6 orc warriors
  A sky beast (D:6)
  3 ice beasts
  2 centaurs (D:6)
  An ogre (D:5)
  A big kobold (D:7)
  4 bullfrogs
  4 scorpions
  3 howler monkeys
  4 crimson imps
  A bullfrog zombie (D:6)
  2 hounds
  A jelly (D:7)
  3 bullfrog skeletons
  3 orc priests
  A gnoll shaman (D:6)
  8 orc wizards
  2 centaur skeletons
  2 iguanas
  2 worker ants
  A hound zombie (D:6)
  A hound skeleton (D:7)
  A howler monkey zombie (D:6)
  A gnoll (Bailey)
  10 adders
  An adder skeleton (D:4)
  4 adder zombies
  A worm (D:2)
  2 dart slugs (D:1)
  A leopard gecko (D:2)
  19 orcs
  9 bats
  3 giant cockroaches
  18 goblins
  10 hobgoblins
  7 jackals
  7 quokkas
  5 ball pythons
  A ball python zombie (D:6)
  9 frilled lizards
  A giant cockroach zombie (D:6)
  A jackal zombie (D:6)
  20 kobolds
  2 leopard gecko zombies (D:6)
  A quokka skeleton (D:6)
  A quokka zombie (D:5)
  4 rats
  3 plants (Sewer)
198 creatures vanquished.

Vanquished Creatures (others)
  3 kobolds (Bailey)
3 creatures vanquished.

Grand Total: 201 creatures vanquished

Notes
Turn   | Place    | Note
-------+----------+-------------------------------------------
     0 | D:1      | MisterFreud the Troll Hunter began the quest for the Orb.
     0 | D:1      | Reached XP level 1. HP: 19/19 MP: 0/0
    42 | D:1      | Reached skill level 1 in Unarmed Combat
    56 | D:1      | Reached XP level 2. HP: 23/27 MP: 1/1
   173 | D:1      | Reached skill level 2 in Unarmed Combat
   844 | D:2      | Reached XP level 3. HP: 33/33 MP: 2/2
   966 | D:2      | Reached skill level 3 in Unarmed Combat
  1391 | D:2      | Reached XP level 4. HP: 39/41 MP: 3/3
  1516 | D:3      | Found a glowing drain.
  1532 | Sewer    | Entered a sewer
  1558 | Sewer    | Reached skill level 4 in Unarmed Combat
  2402 | D:3      | Reached XP level 5. HP: 42/48 MP: 4/4
  2622 | D:3      | Reached skill level 5 in Unarmed Combat
  3090 | D:4      | Found an opulent altar of Gozag.
  3356 | D:4      | Found a blossoming altar of Fedhas.
  3503 | D:5      | Entered Level 5 of the Dungeon
  3508 | D:5      | Reached skill level 6 in Unarmed Combat
  3508 | D:5      | Reached XP level 6. HP: 47/55 MP: 5/5
  3545 | D:5      | Noticed an ice beast
  3555 | D:5      | Killed an ice beast
  3878 | D:5      | Reached XP level 7. HP: 58/62 MP: 6/6
  3938 | D:5      | Reached skill level 7 in Unarmed Combat
  4150 | D:5      | Reached skill level 5 in Throwing
  4491 | D:6      | Found a basalt altar of Yredelemnul.
  4942 | D:6      | Reached XP level 8. HP: 52/70 MP: 7/7
  4945 | D:6      | Reached skill level 8 in Unarmed Combat
  4967 | D:6      | Found a staircase to the Ecumenical Temple.
  4992 | Temple   | Entered the Ecumenical Temple
  5056 | Temple   | Became a worshipper of Ru the Awakened
  5510 | D:6      | Reached skill level 5 in Dodging
  5955 | D:7      | Reached XP level 9. HP: 76/76 MP: 8/8
  6517 | D:7      | Gained mutation: You are missing a hand. [Ru sacrifice]
  6517 | D:7      | Reached * piety under Ru
  6517 | D:7      | Reached ** piety under Ru
  6517 | D:7      | Reached *** piety under Ru
  7000 | D:8      | Got a coiled pewter ring
  7002 | D:8      | Identified the ring "Acuupn" {Ice Int+4} (You found it on
                  | level 8 of the Dungeon)
  7086 | D:8      | Found a flagged portal.
  7101 | Bailey   | Entered a bailey
  7107 | Bailey   | Noticed an orc knight
  7107 | Bailey   | Noticed an orc knight
  7129 | Bailey   | Identified the ring of Xom's Best Wishes {*Tele Dex+2}
  7327 | Bailey   | Noticed an orc knight
  7349 | Bailey   | Mangled by an orc knight

Levels and vault maps discovered:
D:1:      dpeg_arrival_radiant, layout_loops_ring, minmay_splitting_lines
D:2:      layout_loops_cross, first_ration
D:3:      layout_rooms, portal_sewer_entry_d
D:4:      layout_loops_ring, lemuel_coloured_pillars_altar, lemuel_round_altar
D:5:      layout_loops_corners
D:6:      minmay_razor_zed, layout_basic, minmay_temple_entry_crystal_x,
          basic_altar, serial_undead, serial_undead_c, serial_undead_f,
          serial_undead_d, serial_undead_d
D:7:      layout_basic, uniq_harold, uniq_pikel
D:8:      layout_layer_cave, minitemple, enter_bailey_3
Temple:   zaba_magenta_temple
Bailey:   bailey_axe_4, bailey

Skill      XL: |  1  2  3  4  5  6  7  8  9 |
---------------+----------------------------+-----
Unarmed Combat | 1 2 3 4 6 7 8 |  8.0
Throwing       | 4 5 6 |  6.0
Dodging        | 5 7 |  7.8
Fighting       | |  1.5
Stealth        | |  0.3

Action                   |  1- 3 |  4- 6 |  7- 9 || total
-------------------------+-------+-------+-------++-------
Melee: Short sword       |   141 |     5 |       ||   146
       Punch             |     2 |     5 |     5 ||    12
       Unarmed           |       |   193 |   315 ||   508
Invok: Sacrifice a Hand  |       |       |     1 ||     1
 Abil: Evoke Berserk Rag |       |       |     1 ||     1
  Use: Scroll            |       |    14 |     5 ||    19
       Potion            |       |       |     3 ||     3
 Stab: Sleeping          |     1 |       |       ||     1
       Invisible         |       |       |     1 ||     1
  Eat: Chunk             |    16 |    21 |    31 ||    68
Armor: Robe              |    67 |    60 |    84 ||   211
Dodge: Dodged            |    87 |    86 |   194 ||   367

Table legend:
 A = Non-vault XP
 B = Vault XP
 C = Vault XP percentage of total XP
 D = Non-vault monster count
 E = Vault monster count
 F = Vault count percentage of total count
                 A         B        C        D         E       F
            +---------+---------+-------+---------+---------+-------
      Total |    2719 |    1472 |  35.1 |     135 |      60 |  30.8
            +---------+---------+-------+---------+---------+-------
        D:1 |      32 |       0 |   0.0 |      19 |       0 |   0.0
        D:2 |      67 |       0 |   0.0 |      22 |       0 |   0.0
        D:3 |      67 |      14 |  17.3 |      20 |       1 |   4.8
        D:4 |      89 |       0 |   0.0 |       5 |       0 |   0.0
        D:5 |     711 |      88 |  11.0 |      21 |       1 |   4.5
        D:6 |     750 |     889 |  54.2 |      22 |      22 |  50.0
        D:7 |     878 |       0 |   0.0 |      21 |       0 |   0.0
        D:8 |     125 |       8 |   6.0 |       5 |       4 |  44.4
      Sewer |       0 |      66 | 100.0 |       0 |      21 | 100.0
     Bailey |       0 |     407 | 100.0 |       0 |      11 | 100.0
            +---------+---------+-------+---------+---------+-------
